 Dungeon Crawl Stone Soup version 0.28.0 (webtiles) character file.

Game seed: 17465421339302636418

22 horus123 the Skirmisher (level 2, 0/17 HPs)
             Began as a Vine Stalker Fighter on Feb 12, 2022.
             Succumbed to a kobold's poison
             ... on level 1 of the Dungeon.
             The game lasted 00:01:03 (620 turns).

horus123 the Skirmisher (Vine Stalker Fighter)       Turns: 620, Time: 00:01:03

Health: 0/17       AC:  6    Str: 18    XL:     2   Next: 91%
Magic:  2/3        EV:  9    Int:  8    God:
Gold:   41         SH:  4    Dex: 13    Spells: 1/1 levels left

rFire   . . .      SeeInvis .     - Unarmed
rCold   . . .      Faith    .   b - +0 buckler
rNeg    . . .      Spirit   +   a - +0 scale mail
rPois   .          Reflect  .   (no helmet)
rElec   .          Harm     .   (no cloak)
rCorr   .          Rampage  .   (no gloves)
Will    .....                   (no boots)
Stlth   ..........              (no amulet)
HPRegen 0.05/turn               (no ring)
MPRegen 0.08/turn               (no ring)

@: lethally poisoned (0 -> -11)
A: fangs 2, magic shield, antimagic bite, no potion heal 2
a: no special abilities


You were on level 1 of the Dungeon.
You visited 1 branch of the dungeon, and saw 1 of its levels.

You collected 41 gold pieces.

Inventory:

Armour
 a - a +0 scale mail (worn)
 b - a +0 buckler (worn)
Scrolls
 h - a scroll of blinking {unknown}
Potions
 c - a potion of might
 d - a potion of haste {unknown}
 e - a potion of flight {unknown}
 f - a potion of curing {unknown}
 g - a potion of heal wounds {unknown}


   Skills:
 + Level 3.6 Fighting
 - Level 2.4 Armour
 - Level 2.6 Shields
 - Level 2.0 Unarmed Combat


You had one spell level left.
You didn't know any spells.
Your spell library was empty.

Dungeon Overview and Level Annotations

Branches:
Dungeon (1/15)

Altars:


Innate Abilities, Weirdness & Mutations

You have extremely sharp teeth.
When hurt, damage is shared between your health and your magic reserves.
Your bite disrupts and absorbs the magic of your enemies.
Potions cannot restore your health.


Message History

The quokka is severely wounded.
You block the quokka's attack. The quokka bites you.
You hit the quokka.
You kill the quokka!
You closely miss the kobold.
A quokka comes into view.
The kobold hits you with a +0 short sword of venom.
You hit the kobold.
The kobold is moderately wounded.
The kobold closely misses you.
You closely miss the kobold. You bite the kobold. You drain its power.
The kobold is heavily wounded.
The kobold barely misses you.
You barely miss the kobold. Your bite misses the kobold.
The kobold is heavily wounded.
The kobold closely misses you.
You closely miss the kobold. Your bite misses the kobold.
The kobold is heavily wounded.
The kobold hits you with a +0 short sword of venom.
You are poisoned.
The quokka barely misses you.
You closely miss the kobold.
The kobold is heavily wounded.
You feel sick.
The kobold hits you with a +0 short sword of venom.
You are more poisoned.
A kobold comes into view. It is wielding a +0 club.
The quokka bites you but does no damage.
You are too injured to fight recklessly!
You are too injured to fight recklessly!
The kobold shouts!
You hit the kobold.
You kill the kobold!
* * * LOW HITPOINT WARNING * * *
You feel very sick.
The quokka twitches its whiskers.
The quokka bites you but does no damage.
You hit the quokka. Your bite misses the quokka.
The quokka is almost dead.
You die...

........#### ...
...........# ...
...........# ..#
#######....###+#.#
#................#
#................##
#.................###.#
#######....####.......#
# #....# #.@)#####
#######..).# #.#r.#
...........# #.#..#
........#### #.##...
........# #.# ..##
........# #.. .>.
.......[# ### ##.
........# .. ........#


You could see a quokka.

Vanquished Creatures
  2 dart slugs (D:1)
  A ball python (D:1)
  An endoplasm (D:1)
  2 goblins (D:1)
  2 hobgoblins (D:1)
  2 quokkas (D:1)
  2 bats (D:1)
  3 frilled lizards (D:1)
  2 kobolds (D:1)
17 creatures vanquished.

Notes
Turn   | Place    | Note
-------+----------+-------------------------------------------
     0 | D:1      | horus123 the Vine Stalker Fighter began the quest for the
                  | Orb.
     0 | D:1      | Reached XP level 1. HP: 11/11 MP: 2/2
    59 | D:1      | Reached skill level 3 in Fighting
   131 | D:1      | Reached XP level 2. HP: 16/16 MP: 3/3
   620 | D:1      | Succumbed to a kobold's poison

Illustrated notes

Levels and vault maps discovered:
D:1:      scummos_arrival_simple_fountains, layout_basic, minmay_pentomino_p4

Skill      XL: |  1 |
---------------+----+-----
Fighting       | 3 |  3.6
Armour         | |  2.4
Shields        | |  2.6
Unarmed Combat | |  2.0

Action                   || total
-------------------------++-------
Melee: Unarmed           ||    57
       Bite              ||    12
Armor: Scale mail        ||    24
Dodge: Dodged            ||    24
Block: Buckler           ||    14
